 Dungeon Crawl Stone Soup version 0.23.2-1-ga50397a (webtiles) character file.

Game seed: 1171429938378705042

1 night the Digger (level 1, 0/13 HPs)
             Began as a Gnoll Wanderer on May 7, 2019.
             Slain by a bat (1 damage)
             ... on level 1 of the Dungeon.
             The game lasted 00:00:54 (82 turns).

night the Digger (Gnoll Wanderer)                     Turns: 82, Time: 00:00:55

Health: 0/13       AC:  2    Str: 12    XL:     1   Next: 20%
Magic:  4/4        EV:  9    Int: 14    God:
Gold:   10         SH:  9    Dex: 16    Spells: 4/5 levels left

rFire    . . .     SeeInvis .   a - +0 dagger
rCold    . . .     Gourm    .   e - +0 shield
rNeg     . . .     Faith    .   d - +0 robe
rPois    .         Spirit   .   (no helmet)
rElec    .         Reflect  .   (no cloak)
rCorr    .         Harm     .   (no gloves)
MR       .....                  (no boots)
Stlth    +.........             (no amulet)
HPRegen  0.04/turn              (no ring)
MPRegen  0.09/turn              (no ring)

@: no status effects
A: distributed training, fangs 1, strong nose
a: no special abilities


You were on level 1 of the Dungeon.
You were not hungry.

You visited 1 branch of the dungeon, and saw 1 of its levels.

You collected 10 gold pieces.

Inventory:

Hand Weapons
 a - a +0 dagger (weapon)
Armour
 d - a +0 robe (worn)
 e - a +0 shield (worn)
Comestibles
 f - a ration


   Skills:
 + Level 0.0 Fighting
 + Level 0.0 Short Blades
 + Level 0.0 Long Blades
 + Level 0.0 Axes
 + Level 0.0 Maces & Flails
 + Level 0.0 Polearms
 + Level 0.0 Staves
 + Level 0.0 Slings
 + Level 0.0 Bows
 + Level 0.0 Crossbows
 + Level 0.0 Throwing
 + Level 0.0 Armour
 + Level 0.0 Dodging
 + Level 0.0 Stealth
 + Level 4.4 Shields
 + Level 0.0 Unarmed Combat
 + Level 2.6 Spellcasting
 + Level 3.6 Conjurations
 + Level 0.0 Hexes
 + Level 0.0 Charms
 + Level 0.0 Summonings
 + Level 1.9 Necromancy
 + Level 0.0 Translocations
 + Level 0.0 Transmutations
 + Level 1.9 Fire Magic
 + Level 0.0 Ice Magic
 + Level 0.0 Air Magic
 + Level 5.3 Earth Magic
 + Level 0.0 Poison Magic
 + Level 0.0 Invocations
 + Level 0.0 Evocations


You had 4 spell levels left.
You knew the following spells:

 Your Spells              Type           Power        Failure   Level  Hunger
a - Summon Butterflies    Summ           #.......     65%         1    #......

Your spell library contained the following spells:

 Spells                   Type           Power        Failure   Level  Hunger
 Sandblast                Erth           ###...       10%         1    #......
 Stone Arrow              Conj/Erth      ##....       38%         3    ###....
 Recall                   Summ/Tloc      N/A          95%         3    ###....


Dungeon Overview and Level Annotations

Branches:
Dungeon (1/15)

Altars:


Innate Abilities, Weirdness & Mutations

Your experience applies equally to all skills.
You have very sharp teeth.
Your uncanny sense of smell can sniff out nearby items.


Message History

You hit the bat but do no damage. You bite the bat, but do no damage.
You block the bat's attack.
You miss the bat.
The hobgoblin shouts!
The bat hits you but does no damage. You block the bat's attack.
You hit the hobgoblin.
The hobgoblin is lightly wounded.
The bat hits you but does no damage. You block the bat's attack.
The hobgoblin hits you with a +0 club.
* * * LOW HITPOINT WARNING * * *
You are too injured to fight recklessly!
You are too injured to fight recklessly!
You are too injured to fight recklessly!
You are too injured to fight recklessly!
You are too injured to fight recklessly!
You are too injured to fight recklessly!
The bat hits you but does no damage. You block the bat's attack.
The bat hits you but does no damage. The bat completely misses you.
The bat hits you.
You die...

###.###.###.###
#.'#'.'#'.+#'.#
###.###.###.###.# ∆
#.+#'.+#+.'#'.+#' #.###.#
#.###+### #.###.#
#.#......
#.##..###........
######................
#.gbb@................
#.......##..).........####
#.......##............#
##......##............#
#......##............#
#......###############
#......# #......#


You could see a hobgoblin and 2 bats.

Vanquished Creatures
  A hobgoblin (D:1)
1 creature vanquished.

Notes
Turn   | Place    | Note
-------+----------+-------------------------------------------
     0 | D:1      | night the Gnoll Wanderer began the quest for the Orb.
     0 | D:1      | night set off with the following items: a +0 dagger, a +0
                  | robe, a +0 shield, a ration; and the following spells
                  | available to memorise: Sandblast, Stone Arrow, Summon
                  | Butterflies, Recall
     0 | D:1      | Reached XP level 1. HP: 13/13 MP: 4/4
     2 | D:1      | Learned a level 1 spell: Summon Butterflies
    82 | D:1      | Slain by a bat

Action                   || total
-------------------------++-------
Melee: Dagger            ||    15
       Bite              ||     2
Armor: Robe              ||     4
Dodge: Dodged            ||     5
Block: Shield            ||     9
